 Dungeon Crawl Stone Soup version 0.29.0-15-g675c0067aa (webtiles) character file.

Game seed: 13842101640689644702

1267 Gorgormcgor the Cleaver (level 8, -11/65 (75) HPs)
             Began as an Ogre Gladiator on Sept 5, 2022.
             Mangled by a wight
             ... wielding a +3 halberd
              (12 damage)
             ... on level 6 of the Dungeon on Sept 11, 2022.
             The game lasted 00:12:50 (4209 turns).

Gorgormcgor the Cleaver (Ogre Gladiator)            Turns: 4209, Time: 00:12:50

HP:   -11/65 (75)   AC:  6    Str: 21    XL:     8   Next: 53%
MP:   8/8           EV: 11    Int:  9    God:
Gold: 322           SH:  0    Dex: 10    Spells: 7/7 levels left

rFire   + . .      SeeInvis .   a - +1 war axe (freeze)
rCold   + . .      Faith    .   (no shield)
rNeg    . . .      Spirit   .   b - +1 robe
rPois   .          Reflect  .   c - +2 hat
rElec   .          Harm     .   (no cloak)
rCorr   .          Rampage  .   (gloves unavailable)
Will    .....                   (boots unavailable)
Stlth   +.........              n - amulet of regeneration
HPRegen 1.00/turn               l - ring of protection from fire
MPRegen 0.11/turn               p - ring of protection from cold

@: heavily drained
A: large, unfitting armour, tough skin 1
a: no special abilities


You were on level 6 of the Dungeon.
You visited 1 branch of the dungeon, and saw 6 of its levels.

You collected 361 gold pieces.
You spent 39 gold pieces at shops.

Inventory:

Hand Weapons
 a - a +1 war axe of freezing (weapon)
Missiles
 d - 3 throwing nets (quivered)
 e - a large rock
Armour
 b - a +1 robe (worn)
 c - a +2 hat (worn)
Jewellery
 l - a ring of protection from fire (left hand)
 n - an amulet of regeneration (around neck)
 p - a ring of protection from cold (right hand)
 v - an amulet of faith
Wands
 q - a wand of mindburst (3)
 t - a wand of flame (16)
Scrolls
 h - 4 scrolls of teleportation
 r - 2 scrolls of immolation
 u - a scroll of butterflies {unknown}
Potions
 f - a potion of flight
 g - a potion of ambrosia {unknown}
 i - 3 potions of brilliance
 j - 3 potions of curing
 k - a potion of haste {unknown}
 m - 2 potions of might
 o - 2 potions of lignification
 w - a potion of magic {unknown}


   Skills:
 - Level 3.0 Fighting
 * Level 8.3 Axes
 - Level 2.0 Throwing
 + Level 5.5 Dodging
 + Level 2.6 Evocations


You had 7 spell levels left.
You didn't know any spells.
Your spell library contained the following spells:

 Spells                   Type           Power      Damage    Failure   Level
 Apportation              Tloc           0%         N/A       38%         1
 Magic Dart               Conj           0%         1d3       38%         1
 Necrotise                Necr           0%         1d4       38%         1
 Summon Small Mammal      Summ           0%         N/A       38%         1
 Poisonous Vapours        Pois/Air       0%         N/A       52%         2
 Searing Ray              Conj           0%         2d4       52%         2
 Static Discharge         Conj/Air       0%         3-3/arc   52%         2
 Corpse Rot               Necr/Pois/Air  0%         N/A       99%         4
 Dispel Undead            Necr           0%         3d6       99%         4
 Fulminant Prism          Conj/Hex       0%         3d6       99%         4
 Hailstorm                Conj/Ice       0%         3d3       99%         4
 Ice Form                 Ice/Tmut       0%         N/A       99%         4
 Sticky Flame             Conj/Fire      0%         2d3       99%         4
 Simulacrum               Ice/Necr       0%         N/A       100%        6


Dungeon Overview and Level Annotations

Branches:
Dungeon (6/15)             Temple (0/1) D:4

Altars:
Elyvilon
Qazlal

Shops:
D:2 !   D:6 ?

Annotations:
D:3 2 transporters, Triskal's ghost, amateur OgGl
D:6 1 runed translucent door, bande's ghost, novice HOFi


Innate Abilities, Weirdness & Mutations

You are too large for most types of armour.
You have tough skin. (AC +1)


Message History

As you read the scroll of identify, it crumbles to dust.
o - 2 potions of lignification
As you read the scroll of identify, it crumbles to dust.
m - 2 potions of might
As you read the scroll of identify, it crumbles to dust.
f - a potion of flight
There is an entrance to Ongejyif's Magic Scroll Emporium here.
Things that are here:
a +0 mace; a +0 robe; a +0 trident A wight comes into view.
It is wielding a +3 halberd.
A wight is nearby!
A wight comes into view. It is wielding a +4 war axe.
The wight hits you with a +3 halberd!
You feel drained.
You hit the wight but do no damage. The wight barely misses you.
You slash the wight!
The wight is severely damaged.
The wight barely misses you.
You closely miss the wight.
The wight is severely damaged.
The wight hits you with a +3 halberd!
You barely miss the wight.
The wight is severely damaged.
The wight barely misses you.
You closely miss the wight.
The wight is heavily damaged.
The wight closely misses you.
You closely miss the wight.
The wight is heavily damaged.
The wight hits you with a +4 war axe! The wight hits you with a +3 halberd!
You feel drained.
You hit the wight but do no damage. x2; The wight closely misses you. x2
You hit the wight but do no damage. You slash the wight!
The wight hits you with a +4 war axe!
* * * LOW HITPOINT WARNING * * *
You feel drained.
* * * LOW HITPOINT WARNING * * *
The wight misses you. The wight hits you with a +4 war axe.
* * * LOW HITPOINT WARNING * * *
The wight hits you with a +3 halberd!
You die...

.........##.#########
##.##.##..........∩.#
##.##.####......###.#
... #.####..#.#)###.#
#.# #.......#....##.#
#.###.####.##.#..##.#
......# #.##.#..##.#
#.##### #.....z....#
..# #######@#### ###
#z# # #.#### # .....#
# #.#..# ######.
#.#..# .(..... ..#..#
####... .##..#
....... #####...#
######


You could see 2 wights.

Vanquished Creatures
  Sigmund (D:4)
  An orc warrior (D:6)
  A black bear (D:5)
  2 phantoms
  2 bullfrogs
  A necrophage (D:5)
  2 scorpions
  A wight (D:6)
  An orc priest (D:5)
  A hound (D:5)
  2 jellies (D:6)
  4 iguanas
  3 orc wizards
  6 adders
  A white imp (D:6)
  7 dart slugs
  12 orcs
  5 ball pythons
  4 endoplasms
  A goblin (D:2)
  5 hobgoblins
  5 jackals (D:2)
  6 kobolds
  2 quokkas
  5 bats
  2 frilled lizards
  2 rats (D:3)
85 creatures vanquished.

Vanquished Creatures (others)
  3 fungi (D:3)
  4 plants (D:3)
7 creatures vanquished.

Grand Total: 92 creatures vanquished

Notes
Turn   | Place    | Note
-------+----------+-------------------------------------------
     0 | D:1      | Gorgormcgor the Ogre Gladiator began the quest for the Orb.
     0 | D:1      | Reached XP level 1. HP: 22/22 MP: 1/1
   391 | D:1      | Reached XP level 2. HP: 25/29 MP: 2/2
  1045 | D:2      | Found Mypn's Distillery.
  1050 | D:2      | Bought a potion of degeneration for 13 gold pieces
  1052 | D:2      | Upgraded the game from 0.29.0-11-gd7f09526c8 to
                  | 0.29.0-15-g675c0067aa
  1333 | D:2      | Reached XP level 3. HP: 31/37 MP: 3/3
  1697 | D:3      | Reached skill level 4 in Axes
  1882 | D:3      | Found a transporter.
  1884 | D:3      | Noticed Triskal's ghost (amateur OgGl)
  1985 | D:3      | Found a faded altar of an unknown god.
  2240 | D:3      | Found a transporter.
  2286 | D:3      | Reached XP level 4. HP: 42/45 MP: 4/4
  2375 | D:3      | Found a white marble altar of Elyvilon.
  2516 | D:4      | Noticed Sigmund
  2528 | D:4      | Killed Sigmund
  2529 | D:4      | Reached skill level 5 in Axes
  2529 | D:4      | Reached XP level 5. HP: 51/53 MP: 5/5
  2529 | D:4      | Reached XP level 6. HP: 58/61 MP: 6/6
  2676 | D:4      | Reached skill level 6 in Axes
  2697 | D:4      | Reached XP level 7. HP: 66/67 MP: 7/7
  2802 | D:4      | Found the +6 shillelagh "Devastator" {shatter}
  3093 | D:4      | Found a staircase to the Ecumenical Temple.
  3199 | D:5      | Entered Level 5 of the Dungeon
  3247 | D:5      | Reached skill level 1 in Evocations
  3305 | D:5      | Reached skill level 7 in Axes
  3482 | D:5      | Found a stormy altar of Qazlal.
  3739 | D:6      | Reached skill level 5 in Dodging
  3739 | D:6      | Reached XP level 8. HP: 75/75 MP: 8/8
  3864 | D:6      | Found a runed translucent door.
  3871 | D:6      | Noticed bande's ghost (novice HOFi)
  3871 | D:6      | Noticed a boulder beetle
  3944 | D:6      | Reached skill level 8 in Axes
  4166 | D:6      | Found Ongejyif's Magic Scroll Emporium.
  4187 | D:6      | Bought a scroll of identify for 26 gold pieces
  4209 | D:6      | HP: 1/65 [wight/+4 war axe (6)]
  4209 | D:6      | Mangled by a wight

Illustrated notes

Levels and vault maps discovered:
D:1:      dpeg_arrival_round_a, layout_rooms
D:2:      layout_rooms, serial_shops, shop, nrook_campfire,
          minmay_randomly_rotated_circles
D:3:      layout_loops_cross, nicolae_overflow_crystal_walls,
          gammafunk_ghost_arena, shapermc_ecumenical_altar_mp_urbaneastern
D:4:      layout_basic, minmay_temple_entry_statues, uniq_sigmund
D:5:      layout_cave_pools, mainiacjoe_overflow_alcove_2, lemuel_flame_loot_1
D:6:      layout_loops_cross, ebering_ghost_inner_flame, serial_shops, shop,
          shop, skrybe_limestone_x

Skill      XL: |  1  2  3  4  5  6  7  8 |
---------------+-------------------------+-----
Fighting       | 3 |  3.0
Dodging        | 3 4 5 |  5.5
Axes           | 4 5 6 7 8 |  8.3
Evocations     | 1 2 |  2.6
Throwing       | |  2.0

Action                   |  1- 3 |  4- 6 |  7- 9 || total
-------------------------+-------+-------+-------++-------
Melee: War axe           |    89 |    54 |    97 ||   240
       Punch             |       |       |     1 ||     1
  Use: Scroll            |    10 |       |     4 ||    14
       Potion            |       |     1 |       ||     1
 Stab: Invisible         |       |     2 |       ||     2
       Sleeping          |       |     2 |     1 ||     3
Armor: Robe              |    36 |    20 |    30 ||    86
Dodge: Dodged            |    64 |    36 |    56 ||   156
